 Dungeon Crawl Stone Soup version 0.28-a0-1213-g0243856f03 (console) character file.

Game seed: 14166933790226950460

293276 jejorda2 the Phalangite (level 20, -21/255 HPs)
             Began as a Merfolk Berserker on Dec 21, 2021.
             Was a High Priest of Trog.
             Killed from afar by an ironbound frostheart (22 damage)
             ... by creeping frost
             ... on level 3 of the Vaults.
             The game lasted 02:33:26 (58340 turns).

jejorda2 the Phalangite (Merfolk Berserker)        Turns: 58340, Time: 02:33:26

Health: -21/255    AC: 27    Str: 25    XL:     20   Next: 82%
Magic:  6/6        EV: 23    Int: 10    God:    Trog [*****.]
Gold:   3999       SH:  0    Dex: 13    Spells: 19/19 levels left

rFire   + . .      SeeInvis +   W - +7 bardiche {antimagic, rCorr}
rCold   + . .      Faith    +   (shield currently unavailable)
rNeg    . . .      Spirit   .   U - +0 chain mail {rF+}
rPois   .          Reflect  .   k - +3 crown of Dyrovepreva {rElec Int+2 SInv}
rElec   +          Harm     .   O - +0 cloak
rCorr   +          Rampage  .   d - +2 pair of gloves
Will    +++..                   K - +2 pair of boots
Stlth   ..........              f - amulet of faith
HPRegen 1.52/turn               g - ring of the Hare {EV+8}
MPRegen 0.10/turn               T - ring of protection from cold

@: berserking, strong-willed, frozen, regenerating, studying Long Blades, quick
A: (nimble swimmer 2), mertail
}: 2/15 runes: decaying, gossamer
a: Renounce Religion, Berserk, Trog's Hand, Brothers in Arms


You were on level 3 of the Vaults.
You worshipped Trog.
Trog was extremely pleased with you.
You visited 6 branches of the dungeon, and saw 34 of its levels.
You visited the Abyss 1 time.
You also visited: Ossuary and Ice Cave.

You collected 4902 gold pieces.
You spent 903 gold pieces at shops.

Inventory:

Hand Weapons
 a - a +3 vampiric bardiche
 b - the +11 glaive "Nycset" {flame, rC+}
   (Trog gifted it to you on level 1 of the Vaults)

   It burns those it strikes, dealing additional fire damage.
   Big, fiery blades are also staple armaments of hydra-hunters.
   rC:        It protects you from cold.
 w - the +1 glaive of Runyidd {vorpal, Fly rPois rC- rN++ rCorr}
   (Trog gifted it to you on level 11 of the Dungeon)

   It inflicts extra damage upon your enemies.
   rC:        It makes you vulnerable to cold.
   rPois:     It protects you from poison.
   rN:        It greatly protects you from negative energy.
   Fly:       It grants you flight.
   rCorr:     It protects you from acid and corrosion.
 W - the +7 bardiche of Kob Tyg (weapon) {antimagic, rCorr}
   (You acquired it on level 5 of the Lair of Beasts)

   It reduces the magical energy of the wielder, and disrupts the spells and
   magical abilities of those it strikes.
   Natural abilities and divine invocations are not affected.
   rCorr:     It protects you from acid and corrosion.
Missiles
 c - 135 poisoned darts
 p - 3 javelins
 s - 3 throwing nets
 G - 14 boomerangs (quivered)
 M - 7 curare-tipped darts
Armour
 d - a +2 pair of gloves (worn)
 k - the +3 crown of Dyrovepreva (worn) {rElec Int+2 SInv}
   (You found it on level 3 of the Vaults)

   Int:       It affects your intelligence (+2).
   rElec:     It insulates you from electricity.
   SInv:      It lets you see invisible.
 K - a +2 pair of boots (worn)
 O - a +0 cloak (worn)
 U - a +0 chain mail of fire resistance (worn)
Jewellery
 f - an amulet of faith (around neck)
 g - the ring of the Hare (left hand) {EV+8}
   (You found it on level 1 of the Vaults)

   [ring of evasion]

   EV:        It affects your evasion (+8).
 B - a ring of poison resistance
 N - a ring of positive energy
 T - a ring of protection from cold (right hand)
 V - a ring of protection from fire
Wands
 r - a wand of iceblast (42)
 t - a wand of digging (18)
 v - a wand of paralysis (23)
 y - a wand of charming (6)
 A - a wand of acid (23)
 E - a wand of polymorph (30)
 I - a wand of flame (34)
 P - a wand of mindburst (7)
Scrolls
 h - 4 scrolls of fog
 i - 2 scrolls of silence
 j - 12 scrolls of teleportation
 J - 3 scrolls of summoning
 Q - a scroll of magic mapping
 R - 6 scrolls of fear
 S - 2 scrolls of blinking
 Y - 2 scrolls of holy word
 Z - 6 scrolls of identify
Potions
 e - 10 potions of mutation
 l - 9 potions of haste
 n - 2 potions of might
 q - 8 potions of curing
 C - a potion of resistance
 D - a potion of cancellation
 F - 14 potions of ambrosia
 X - 2 potions of heal wounds
Miscellaneous
 u - a condenser vane
 H - a tin of tremorstones (2/2)


   Skills:
 + Level 17.9 Fighting
 - Level 24.0 Polearms
 - Level 13.6 Throwing
 * Level 18.1 Armour
 + Level 15.3 Dodging
 - Level 9.0 Evocations


You had 19 spell levels left.
You didn't know any spells.
Your spell library was empty.

Dungeon Overview and Level Annotations

Branches:
Dungeon (15/15)            Temple (0/1) D:6            Lair (6/6) D:11
  Swamp (4/4) Lair:4       Spider (4/4) Lair:2        Slime (0/5) Lair:6
    Orc (2/2) D:12            Elf (0/3) Orc:2        Vaults (3/5) D:13
  Crypt (0/3) Vaults:2     Depths (0/4) D:15        Ossuary (visited)
  IceCv (visited)

Altars:
Cheibriados
Elyvilon
Fedhas
Hepliaklqana
Nemelex Xobeh
Okawaru
Qazlal
Sif Muna
Trog
Uskayaw
Vehumet
Xom
Zin
Beogh

Shops:
D:2 :   D:6 (   D:8 :   D:15 [(=   Orc:2 ?=**((?!   Vaults:2 (   Vaults:3 [

Portals:
Trove: D:10 (give +2 storm dragon scales)

Annotations:
D:3 exclusion: door
Lair:5 3 runed translucent doors, IdlyInterested's ghost, journeyman DsGl; Pinouros's ghost, journeyman DECj; Sidghehi's ghost, journeyman HuFi; Sudoyheu's ghost, journeyman DjWn


Innate Abilities, Weirdness & Mutations

((You are very nimble when in or above water. (Stealth+, EV+, Speed+++)))
Your lower body shifts to a powerful aquatic tail in water.


Message History

The war gargoyle misses you. The war gargoyle barely misses you.
The ironbound frostheart calls freezing cold from the walls.
The frost grips you!!! You partially resist.
* * * LOW HITPOINT WARNING * * *
You are encased in ice.
The war gargoyle hits you with a +0 flail.
* * * LOW HITPOINT WARNING * * *
The centaur warrior completely misses you.
The centaur warrior kicks you but does no damage.
Your two-headed ogre goes berserk!
The war gargoyle no longer looks unusually strong.
The war gargoyle hits you but does no damage.
The centaur warrior completely misses you. x2
The war gargoyle hits you with a +0 flail!
* * * LOW HITPOINT WARNING * * *
The war gargoyle launches metal splinters at you.
The spray of metal splinters hits you!!
* * * LOW HITPOINT WARNING * * *
Unknown command.
Unknown command.
Okay, then.
Unknown command.
Press: ? - help, v - describe, . - travel
Here: a centaur warrior, quivering arrows The floor.
Unknown command.
Unknown command.
Unknown command.
Unknown command.
A red film seems to cover your vision as you go berserk!
You feel yourself moving faster!
You feel mighty!
The centaur warrior hits you but does no damage.
The centaur warrior kicks you but does no damage.
The war gargoyle hits you with a +0 flail!
* * * LOW HITPOINT WARNING * * *
The war gargoyle hits you with a +1 dire flail of protection.
* * * LOW HITPOINT WARNING * * *
The ironbound frostheart calls freezing cold from the walls.
The frost grips you!! You partially resist.
You die...

#....#.........# ##(
#....#...<[....#....# ##
#....#.........#....#
#....#.........#....#
##....#..[......#....###
#
......#.........#.......
.
......#'#########.......
.
...............O9c......
.
................@9p.....
.
####....##########J#####
# #....# p. #....# ...
#....# ... ## #....# ..
#. #....# . #. #....# #.
#....# #.


You could see a slime creature, an ironbound frostheart, a centaur warrior, 2
war gargoyles, a wizard and a friendly two-headed ogre (summoned, berserk).

Vanquished Creatures
  Bai Suzhen (Swamp:3)
  Arachne (Spider:4)
  A bone dragon (Swamp:4)
  A lich (Vaults:3)
  2 tentacled monstrosities (Swamp:2)
  A titan (Vaults:1)
  An Executioner (Abyss:2)
  2 tentacled starspawn (Abyss:2)
  A sphinx (Vaults:1)
  A tengu reaver (Vaults:3)
  2 thorn hunters
  The ghost of rougesareth the Metallomancer, an adept GrEE of Ashenzari (Swamp:2)
  4 frost giants
  2 fenstrider witches (Swamp:2)
  3 ghost moths (Spider:4)
  Louise (Swamp:3)
  A deep elf sorcerer (Vaults:1)
  9 emperor scorpions
  A ghoul (Swamp:2)
  Aizul (Spider:4)
  6 vault wardens
  2 very ugly things (Vaults:2)
  8 ironbound preservers
  A war gargoyle (Vaults:3)
  3 ironbound thunderhulks
  A vampire knight (Vaults:2)
  2 stone giants
  A white draconian (IceCv)
  6 dire elephants
  A lorocyproca (Abyss:2)
  3 bunyips
  6 eleionomae
  4 spark wasps
  3 entropy weavers
  A deep elf death mage (Vaults:1)
  Snorg (D:11)
  Josephine (D:11)
  4 yaktaur captains
  4 vault guards (Vaults:1)
  A jiangshi (Vaults:2)
  4 great orbs of eyes
  3 ogre magi
  7 ice dragons (IceCv)
  Harold (D:7)
  2 peacekeepers (Vaults:3)
  3 rakshasas
  13 hydras
  4 boulder beetles
  A catoblepas (Lair:6)
  11 ironbound frosthearts
  6 ghost crabs
  2 dancing weapons (D:13)
  5 alligators
  10 death yaks
  10 centaur warriors
  12 two-headed ogres
  3 tengu warriors
  4 orc high priests
  3 deep troll earth magi (Vaults:1)
  A deep troll shaman (Lair:6)
  Sonja (D:13)
  An iron troll (Vaults:1)
  A deep elf knight (Spider:1)
  A wretched star (Abyss:2)
  3 skeletal warriors (D:11)
  5 goliath frogs
  5 spriggan druids
  3 swamp dragons
  33 deep trolls
  An orange crystal statue (IceCv)
  2 lindwurms
  A deep elf archer (Spider:1)
  8 bog bodies
  A glowing orange brain (Vaults:1)
  An oklob plant (Swamp:4)
  2 spectral hydras (Swamp:4)
  26 orb spiders
  Pikel (D:4)
  3 phantasmal warriors
  10 ironbound convokers
  6 wizards
  6 deep elf pyromancers
  2 necromancers (Vaults:1)
  18 wolf spiders
  7 orc knights
  21 ugly things
  2 manticores (D:12)
  4 orc sorcerers (Orc:2)
  5 cyclopes
  Joseph (D:7)
  3 will-o-the-wisps
  A worldbinder (Abyss:2)
  32 elephants
  2 moths of wrath (Spider:4)
  11 vault sentinels
  An eye of devastation (Lair:6)
  14 cane toads
  2 naga magi
  A torpor snail (Spider:4)
  3 black mambas
  2 kobold demonologists (D:12)
  6 rime drakes (IceCv)
  5 swamp worm zombies (Swamp:4)
  15 komodo dragons
  15 demonic crawlers
  20 yaktaurs
  An ancient zyme (Abyss:2)
  3 bloated husks
  A jumping spider (shapeshifter) (D:14)
  6 trolls
  2 tengu conjurers
  14 polar bears
  4 alligator zombies (Swamp:4)
  23 jumping spiders
  3 meliai (Spider:1)
  Grinder (D:6)
  3 hydra zombies (Swamp:4)
  A raiju (Spider:1)
  10 tyrant leeches
  9 hornets
  24 slime creatures
  19 blink frogs
  2 spectral swamp dragons (Swamp:4)
  A flying skull (Vaults:2)
  A vampire (D:12)
  An ettin zombie (Vaults:1)
  A shadow (D:12)
  9 spriggans
  2 wyverns
  71 redbacks
  6 wraiths
  25 tarantellas
  A ynoxinul (Abyss:2)
  60 yaks
  4 basilisks
  3 steam dragons
  Menkaure (D:7)
  A vampire mosquito (Swamp:2)
  Edmund (D:6)
  2 wargs
  7 swamp worms
  An acid dragon (D:12)
  4 swamp drakes
  14 water moccasins
  A floating eye (Lair:6)
  2 sky beasts (D:5)
  A necrophage (D:7)
  30 orc warriors
  A human zombie (Vaults:1)
  2 black bears (D:11)
  A hornet zombie (D:7)
  4 swamp dragon zombies (Swamp:4)
  An ettin simulacrum (Vaults:1)
  14 ogres
  8 wolves (Lair:6)
  2 boggarts (Vaults:1)
  15 centaurs
  2 lemures (D:4)
  5 phantoms
  Blork the orc (D:6)
  7 kobold brigands
  13 bullfrogs
  2 elf zombies (Ossuary)
  2 gnoll sergeants (D:12)
  4 scorpions (Lair:2)
  A human skeleton (Vaults:1)
  A water moccasin zombie (D:5)
  A jelly (D:6)
  A water moccasin skeleton (D:5)
  4 small abominations (Abyss:2)
  36 killer bees
  5 howler monkeys
  An electric eel (Spider:1)
  7 centaur zombies
  3 hounds
  A human simulacrum (Vaults:1)
  15 orc priests
  2 gnoll shamans (D:7)
  An iron imp (Abyss:2)
  A bullfrog skeleton (D:6)
  3 iguanas
  20 orc wizards
  A spectral swamp drake (Swamp:4)
  A killer bee zombie (D:7)
  2 mummies (Ossuary)
  A howler monkey zombie (D:7)
  15 gnolls
  7 adders
  2 swamp drake zombies (Swamp:4)
  A shadow imp (D:6)
  3 adder zombies (Ossuary)
  An adder skeleton (D:4)
  6 worms
  82 orcs
  4 ball pythons
  8 endoplasms
  3 giant cockroaches
  6 goblins
  6 hobgoblins
  5 jackals
  8 quokkas
  3 bats
  4 frilled lizards
  2 goblin zombies (Ossuary)
  14 hobgoblin zombies (Ossuary)
  A jackal skeleton (D:4)
  3 jackal zombies (Ossuary)
  27 kobolds
  9 kobold zombies (Ossuary)
  3 orc zombies (Ossuary)
  6 rats
  2 briar patches (Swamp:4)
  4 starspawn tentacles (Abyss:2)
1318 creatures vanquished.

Vanquished Creatures (collateral kills)
  An emperor scorpion (Spider:4)
  2 death yaks (Lair:6)
  An ugly thing (D:14)
  A jumping spider (Spider:4)
  A queen bee (Spider:1)
  A spectral swamp dragon (Swamp:4)
  An orc warrior (D:14)
  2 orcs (D:14)
10 creatures vanquished.

Vanquished Creatures (others)
  A phantasmal warrior (Swamp:4)
  A shining eye (shapeshifter) (Vaults:1)
  A will-o-the-wisp (Swamp:2)
  7 bloated husks
  2 phantoms (Swamp:4)
  An orc priest (Orc:2)
  A briar patch (Swamp:4)
  8 foxfires
  27 fungi
  35 plants
  2 starspawn tentacles (Abyss:2)
  6 toadstools (D:6)
92 creatures vanquished.

Grand Total: 1420 creatures vanquished

Notes
Turn   | Place    | Note
-------+----------+-------------------------------------------
     0 | D:1      | jejorda2 the Merfolk Berserker began the quest for the Orb.
     0 | D:1      | Reached XP level 1. HP: 18/18 MP: 1/1
   193 | D:1      | Reached XP level 2. HP: 24/24 MP: 2/2
   352 | D:1      | Reached skill level 5 in Polearms
   441 | D:1      | Reached XP level 3. HP: 29/29 MP: 3/3
  1330 | D:2      | Reached XP level 4. HP: 37/37 MP: 4/4
  1331 | D:2      | Reached ** piety under Trog
  1635 | D:2      | Found Bubb's Book Shoppe.
  1659 | D:2      | Reached skill level 6 in Polearms
  1994 | D:3      | Found a stormy altar of Qazlal.
  2097 | D:3      | Found a shimmering altar of Xom.
  2575 | D:3      | Reached XP level 5. HP: 42/42 MP: 5/5
  2641 | D:3      | Found a faded altar of an unknown god.
  2957 | D:3      | Found a shimmering blue altar of Sif Muna.
  3231 | D:4      | Found an iron altar of Okawaru.
  3443 | D:4      | Noticed an ogre
  3452 | D:4      | Killed an ogre
  3453 | D:4      | Reached skill level 7 in Polearms
  3453 | D:4      | Reached XP level 6. HP: 49/49 MP: 6/6
  3820 | D:4      | Noticed Pikel
  3841 | D:4      | Killed Pikel
  3842 | D:4      | Reached skill level 5 in Fighting
  3842 | D:4      | Reached skill level 9 in Polearms
  3842 | D:4      | Reached XP level 7. HP: 56/56 MP: 7/7
  4496 | D:5      | Entered Level 5 of the Dungeon
  4592 | D:5      | Reached XP level 8. HP: 56/64 MP: 8/8
  4804 | D:5      | Reached skill level 10 in Polearms
  5584 | D:5      | Reached skill level 11 in Polearms
  6184 | D:6      | Reached skill level 12 in Polearms
  6201 | D:6      | Reached XP level 9. HP: 63/69 MP: 9/9
  6240 | D:6      | Noticed Grinder
  6242 | D:6      | Found Beongonn's Antique Weapon Boutique.
  6253 | D:6      | Killed Grinder
  6285 | D:6      | Found a staircase to the Ecumenical Temple.
  6309 | D:6      | Reached skill level 13 in Polearms
  6633 | D:6      | Reached *** piety under Trog
  6832 | D:6      | Noticed Edmund
  6838 | D:6      | Killed Edmund
  6839 | D:6      | Reached skill level 5 in Armour
  6903 | D:6      | Found a snail-covered altar of Cheibriados.
  7105 | D:6      | Noticed Blork the orc
  7121 | D:6      | Killed Blork the orc
  7267 | D:6      | You are sucked into a shaft and drop 2 floors!
  7271 | D:7      | Noticed Harold
  7280 | D:7      | Reached skill level 14 in Polearms
  7293 | D:7      | Killed Harold
  7294 | D:7      | Reached skill level 15 in Polearms
  7341 | D:7      | Found a sand-covered staircase.
  7356 | Ossuary  | Entered an ossuary
  7434 | Ossuary  | Reached XP level 10. HP: 76/76 MP: 10/10
  7624 | Ossuary  | Reached **** piety under Trog
  7731 | D:7      | Found a glowing silver altar of Zin.
  7732 | D:7      | Found a hazy altar of Hepliaklqana.
  7869 | D:7      | Reached skill level 16 in Polearms
  7888 | D:7      | Noticed Joseph
  7902 | D:7      | Killed Joseph
  8515 | D:7      | Noticed Menkaure
  8523 | D:7      | Killed Menkaure
  8606 | D:6      | Bought a glaive for 188 gold pieces
  8815 | D:8      | Noticed a two-headed ogre
  8820 | D:8      | Killed a two-headed ogre
  8821 | D:8      | Reached skill level 17 in Polearms
  8934 | D:8      | Found a hide-covered altar of Uskayaw.
  8934 | D:8      | Noticed a +0 dagger
  8934 | D:8      | Noticed a +0 dagger
  8960 | D:8      | Found Ezuryoch's Book Boutique.
  9228 | D:8      | Noticed a two-headed ogre
  9233 | D:8      | Killed a two-headed ogre
  9234 | D:8      | Reached skill level 18 in Polearms
  9429 | D:8      | Reached ***** piety under Trog
  9619 | D:8      | Reached skill level 19 in Polearms
  9668 | D:8      | Noticed a two-headed ogre
  9676 | D:8      | Killed a two-headed ogre
  9677 | D:8      | Reached XP level 11. HP: 81/81 MP: 11/11
 10130 | D:9      | HP: 4/121 [orc warrior (10)]
 10543 | D:9      | Reached skill level 20 in Polearms
 10656 | D:9      | Found a sparkling altar of Nemelex Xobeh.
 10792 | D:9      | Reached skill level 1 in Evocations
 11134 | D:10     | Entered Level 10 of the Dungeon
 11161 | D:10     | Reached skill level 5 in Dodging
 11768 | D:10     | Found a portal to a secret trove of treasure.
 12212 | D:10     | Reached skill level 5 in Evocations
 12428 | D:11     | Noticed Snorg
 12525 | D:11     | Noticed a skeletal warrior
 12525 | D:11     | Noticed a skeletal warrior
 12525 | D:11     | Noticed a skeletal warrior
 12536 | D:11     | Killed a skeletal warrior
 12548 | D:11     | Killed a skeletal warrior
 12553 | D:11     | Killed a skeletal warrior
 12778 | D:11     | Reached XP level 12. HP: 57/89 MP: 12/12
 12831 | D:11     | Noticed a five-headed hydra
 13003 | D:11     | Killed a five-headed hydra
 13119 | D:11     | Noticed a two-headed ogre
 13123 | D:11     | Killed a two-headed ogre
 13167 | D:11     | Noticed a two-headed ogre
 13171 | D:11     | Killed a two-headed ogre
 13370 | D:11     | Noticed Josephine
 13388 | D:11     | Killed Josephine
 13698 | D:11     | Killed Snorg
 13814 | D:11     | Found a staircase to the Lair.
 14040 | D:11     | Identified the +1 glaive of Runyidd {vorpal, Fly rPois rC-
                  | rN++ rCorr} (Trog gifted it to you on level 11 of the
                  | Dungeon)
 14040 | D:11     | Received a gift from Trog
 14195 | Lair:1   | Entered Level 1 of the Lair of Beasts
 14320 | Lair:1   | Identified a scroll of acquirement
 14320 | Lair:1   | Acquired the +5 bardiche "Embalmer" {drain, Will++ Str+2
                  | SInv Stlth-}
 15461 | Lair:2   | Reached skill level 10 in Fighting
 15531 | Lair:2   | Found a hole to the Spider Nest.
 15711 | Lair:2   | Reached XP level 13. HP: 103/103 MP: 13/13
 16719 | Lair:3   | Acquired a +0 helmet of see invisible
 16898 | Lair:3   | Received a gift from Trog
 17014 | Lair:3   | Reached skill level 21 in Polearms
 17895 | Lair:4   | Reached skill level 22 in Polearms
 18289 | Lair:4   | Found a staircase to the Swamp.
 18452 | Lair:4   | Acquired 283 gold pieces
 18650 | Lair:5   | Reached XP level 14. HP: 113/113 MP: 14/14
 19058 | Lair:5   | Reached skill level 10 in Armour
 19062 | Lair:5   | Reached skill level 23 in Polearms
 19299 | Lair:5   | Acquired the +7 bardiche of Kob Tyg {antimagic, rCorr}
 19529 | Lair:5   | Found a runed translucent gate.
 19529 | Lair:5   | Found a runed translucent gate.
 19529 | Lair:5   | Found a runed translucent gate.
 19531 | Lair:5   | Noticed Pinouros's ghost (journeyman DECj)
 19531 | Lair:5   | Noticed Pinouros's ghost (journeyman DECj)
 19531 | Lair:5   | Noticed Sudoyheu's ghost (journeyman DjWn)
 19532 | Lair:5   | Noticed Sidghehi's ghost (journeyman HuFi)
 19533 | Lair:5   | Noticed IdlyInterested's ghost (journeyman DsGl)
 19844 | Lair:6   | Entered Level 6 of the Lair of Beasts
 19872 | Lair:6   | Received a gift from Trog
 19901 | Lair:6   | Reached skill level 24 in Polearms
 20255 | Lair:6   | Found a staircase to the Slime Pits.
 20260 | Lair:6   | Paralysed by a floating eye for 2 turns
 20476 | Lair:6   | Reached XP level 15. HP: 84/120 MP: 15/15
 21904 | D:12     | Reached skill level 1 in Throwing
 21907 | D:12     | Found a staircase to the Orcish Mines.
 22012 | D:12     | Identified the +6 rapier "Emimpipn" {vorpal, rCorr Int-5
                  | Dex+4}
 22596 | D:12     | Received a gift from Trog
 22621 | D:12     | Reached skill level 5 in Throwing
 22683 | D:12     | Acquired a manual of Throwing
 23072 | D:13     | Found a gate to the Vaults.
 23407 | D:13     | Found a blossoming altar of Fedhas.
 23534 | D:13     | Identified the +5 hand axe "Jetec" {protect, rPois rF+
                  | Int-3}
 23702 | D:13     | Noticed Sonja
 23713 | D:13     | Killed Sonja
 24069 | Orc:1    | Entered Level 1 of the Orcish Mines
 24197 | Orc:2    | Entered Level 2 of the Orcish Mines
 24213 | Orc:1    | Found a bloodstained altar of Trog.
 24526 | Orc:2    | Found Esafodgh's Distillery.
 24538 | Orc:2    | Bought a potion of resistance for 110 gold pieces
 24607 | Orc:2    | Found Fuffue's Magic Scroll Shoppe.
 24631 | Orc:2    | Bought 2 scrolls of magic mapping for 105 gold pieces
 24767 | Orc:2    | Found a staircase to the Elven Halls.
 24894 | Orc:2    | Found Zuhoucysuje's Magic Scroll Shoppe.
 24899 | Orc:2    | Received a gift from Trog
 25359 | Orc:2    | Reached skill level 10 in Throwing
 25996 | Orc:2    | Found Xuntos's Jewellery Shoppe.
 26098 | Orc:2    | Found Ypreaff's General Store.
 26098 | Orc:2    | Found Ruimef's Weapon Shoppe.
 26100 | Orc:2    | Found Etautecw's Antique Weapon Shoppe.
 26100 | Orc:2    | Found Vemeigg's Assorted Antiques.
 26114 | Orc:2    | Bought a flickering bone ring for 125 gold pieces
 26114 | Orc:2    | Identified the ring "Pakehoups" {rElec Will- rCorr Str-2
                  | Dex+6} (You bought it in a shop on level 2 of the Orcish
                  | Mines)
 26143 | Orc:2    | Bought a ring of protection from fire for 375 gold pieces
 26642 | Orc:1    | Reached ****** piety under Trog
 26969 | D:14     | Received a gift from Trog
 27631 | D:14     | Reached XP level 16. HP: 127/127 MP: 16/16
 28176 | D:15     | Entered Level 15 of the Dungeon
 28241 | D:15     | Found Mirchoi's Antique Armour Emporium.
 28271 | D:15     | Found a frozen archway.
 28362 | IceCv    | Entered an ice cave
 29445 | IceCv    | Received a gift from Trog
 30365 | D:15     | Found Xounti's Weapon Shop.
 30394 | D:15     | Found Cyany's Jewellery Boutique.
 30431 | D:15     | Found a staircase to the Depths.
 30826 | D:15     | Found a white marble altar of Elyvilon.
 31567 | Swamp:1  | Entered Level 1 of the Swamp
 32341 | Swamp:1  | HP: 5/131 [tyrant leech[a spriggan druid] (5)]
 32789 | Lair:4   | Upgraded the game from 0.28-a0-1206-g193881aaa2 to
                  | 0.28-a0-1213-g0243856f03
 34076 | Swamp:2  | Reached XP level 17. HP: 137/137 MP: 17/17
 34134 | Swamp:2  | Noticed a tentacled monstrosity
 34142 | Swamp:2  | Killed a tentacled monstrosity
 34474 | Swamp:2  | Reached skill level 10 in Dodging
 34649 | Swamp:2  | Found a runed translucent door.
 34662 | Swamp:2  | Noticed rougesareth's ghost (adept GrEE)
 34738 | Swamp:2  | You fall into a shaft and drop 1 floor!
 35395 | Swamp:2  | Received a gift from Trog
 35634 | Swamp:2  | Noticed a tentacled monstrosity
 35646 | Swamp:2  | Killed a tentacled monstrosity
 35962 | Swamp:2  | Killed rougesareth's ghost
 37690 | Swamp:4  | Entered Level 4 of the Swamp
 37795 | Swamp:4  | Noticed Bai Suzhen
 37833 | Swamp:3  | Killed Bai Suzhen
 38179 | Swamp:4  | Noticed Louise
 38191 | Swamp:4  | Received a gift from Trog
 38191 | Swamp:4  | Found the +11 plutonium sword {Contam Stlth-}
 38201 | Swamp:3  | Cast into level 2 of the Abyss (Louise)
 38470 | Abyss:2  | Noticed an Executioner
 38475 | Abyss:2  | Noticed a tentacled starspawn
 38483 | Abyss:2  | Killed an Executioner
 38486 | Abyss:2  | Noticed a tentacled starspawn
 38493 | Abyss:2  | Killed a tentacled starspawn
 38499 | Abyss:2  | Killed a tentacled starspawn
 38520 | Swamp:3  | Escaped the Abyss
 38528 | Swamp:3  | Killed Louise
 39223 | Swamp:4  | Identified the +4 falchion of Xiech {chaos, rF+ rC+ Str+4
                  | Int+4 SInv}
 39261 | Swamp:4  | HP: 3/210 [eight-headed hydra zombie (9)]
 39696 | Swamp:4  | Reached XP level 18. HP: 129/147 MP: 18/18
 40602 | Swamp:4  | Noticed a bone dragon
 40616 | Swamp:4  | Killed a bone dragon
 40637 | Swamp:4  | Got a decaying rune of Zot
 41031 | Spider:1 | Entered Level 1 of the Spider Nest
 41668 | Spider:1 | Received a gift from Trog
 42035 | Spider:1 | Reached skill level 15 in Armour
 43029 | Spider:2 | Reached skill level 15 in Fighting
 45999 | Spider:2 | Received a gift from Trog
 47535 | Spider:3 | Identified the +0 ring mail of Poor Excuses {Will+}
 47914 | Spider:3 | Identified the +1 ring mail of the Game of Life {Str+7
                  | Int-2 Stlth+}
 48081 | Spider:3 | Identified the +1 leather armour of Compression {Contam rC+
                  | rN++ Stlth+}
 48099 | Spider:4 | Entered Level 4 of the Spider Nest
 48991 | Spider:4 | Noticed Aizul
 49006 | Spider:4 | Killed Aizul
 49260 | Spider:4 | Noticed Arachne
 49276 | Spider:4 | Killed Arachne
 49277 | Spider:4 | Reached XP level 19. HP: 157/157 MP: 6/19
 49319 | Spider:4 | Received a gift from Trog
 51071 | Spider:4 | Got a gossamer rune of Zot
 51375 | Vaults:1 | Entered Level 1 of the Vaults
 51483 | Vaults:1 | Found the ring of the Hare {EV+8}
 51968 | Vaults:1 | Found a transporter.
 51969 | Vaults:1 | Found a shimmering blue altar of Sif Muna.
 52047 | Vaults:1 | Identified the +11 glaive "Nycset" {flame, rC+} (Trog
                  | gifted it to you on level 1 of the Vaults)
 52047 | Vaults:1 | Received a gift from Trog
 52955 | Vaults:1 | Received a gift from Trog
 53923 | Vaults:2 | Found Duobloep's Antique Weapon Emporium.
 54096 | Vaults:1 | Reached XP level 20. HP: 135/168 MP: 20/20
 54570 | Vaults:2 | Found a staircase to the Crypt.
 54581 | Vaults:2 | Identified the +11 trident "Focamal" {flame, rElec} (Trog
                  | gifted it to you on level 2 of the Vaults)
 54581 | Vaults:2 | Received a gift from Trog
 54584 | Vaults:2 | Paralysed by a vampire knight for 2 turns
 55048 | Vaults:2 | Identified the +2 robe "Caanwisezi" {rN+ Str-2 Int+2 Dex+5}
 56447 | Vaults:3 | Received a gift from Trog
 56781 | Vaults:1 | Found a transporter.
 57178 | Vaults:3 | Reached skill level 15 in Dodging
 57487 | Vaults:3 | Identified the -2 hat "Dawoivuf" {Int+3}
 57498 | Vaults:3 | Found a radiant altar of Vehumet.
 57498 | Vaults:3 | Found the +3 crown of Dyrovepreva {rElec Int+2 SInv}
 57528 | Vaults:3 | Identified the +1 robe of the Storm King {Contam rCorr
                  | Int+3}
 57531 | Vaults:3 | Identified the -1 hat of Sorcery {rElec}
 57686 | Vaults:3 | Found Xufennir's Antique Armour Emporium.
 58187 | Vaults:3 | Received a gift from Trog
 58339 | Vaults:3 | HP: 7/170 [war gargoyle/spray of metal splinters[a
                  | peacekeeper] (28)]
 58340 | Vaults:3 | HP: 3/255 [war gargoyle[a peacekeeper] (9)]
 58340 | Vaults:3 | HP: 1/255 [war gargoyle[a peacekeeper] (2)]
 58340 | Vaults:3 | Killed from afar by an ironbound frostheart

Illustrated notes

Levels and vault maps discovered:
D:1:      roderic_octagonal_star, layout_basic
D:2:      layout_basic, serial_shops, shop, minmay_heptomino_d4
D:3:      layout_basic, led_sif_book, mainiacjoe_overflow_catwalk,
          mainiacjoe_overflow_alcove_1, ebering_ecumenical_altar_rust,
          minmay_quantized
D:4:      layout_basic, kennysheep_okawaru_gauntlet, serial_bayou_lagoon_a,
          uniq_pikel
D:5:      layout_gridville, minmay_misc_feat_iff
D:6:      layout_gridville, mainiacjoe_overflow_cross_hatched,
          minmay_temple_entry_overgrown, serial_shops, shop,
          minmay_gold_behind_fungi, minmay_misc_feat_enclosed,
          uniq_blork_the_orc, uniq_grinder, uniq_edmund
D:7:      layout_rooms, jmf_multi_god_temple,
          lightli_ossuary_entry_decrepit_ruins, serial_rivers,
          chequers_serial_rivers_marsh, chequers_serial_rivers_micro_c,
          chequers_serial_rivers_micro_b, chequers_serial_rivers_small_3,
          chequers_serial_rivers_large_a, minivault_25, minmay_misc_feat_cross,
          st_stairs_8, grunt_ministairs_12, uniq_joseph, uniq_menkaure,
          uniq_harold
D:8:      layout_rooms, dancing_weapons_uskayaw, serial_shops,
          nicolae_shop_advertising_works [nicolae_subvault_shop_adworks],
          amcnicky_mini_pool_small, st_stairs_8
D:9:      layout_cave_pools, nemelex_diamond_rough_becter, serial_glass,
          glass_columns_a, glass_columns_a, feat_on_display
D:10:     layout_cave_pools, trove_entry_hex_spiral
D:11:     layout_roguey, grunt_lair_entry_orc_guard_hut, grunt_ogre_cave,
          uniq_snorg, uniq_josephine
D:12:     layout_loops_corners, kennysheep_orc_monster_closet_entryway,
          minmay_fractal_squares_gapless_7
D:13:     layout_roguey, erik_vaults_1, minmay_crystal_water,
          fedhas_ov_isle_minmay, uniq_sonja
D:14:     layout_irregular_city, kennysheep_doodads
D:15:     grunt_enter_depths_giant_problem, layout_layer_cave, serial_shops,
          nicolae_shop_bloodbath_and_beyond, nicolae_lakefront_shop,
          shop_statue, portal_ice_cave_entry_pillars_1, elyvilon_altar_1
Lair:1:   layout_cave_pods
Lair:2:   layout_cave_pods, nicolae_spider_entry_non_spiders
Lair:3:   layout_regular_city, st_stairs_13, grunt_megastairs_4
Lair:4:   layout_misc_corridors, swamp_mist_pool, grunt_megastairs_1
Lair:5:   layout_big_grid, gammafunk_ghost_cemetery
Lair:6:   grunt_lair_end_beastmaster, layout_layer_cave,
          minmay_slime_entry_eyes, gauntlet_entry_generic, grunt_megastairs_2
Swamp:1:  layout_basic_swamp, evilmike_swamp_ruin_house_5, swamp_pool1
Swamp:2:  nzn_winding_woodlands_medium [nzn_winding_woodlands_5x5_checkerboard,
          nzn_winding_woodlands_5x15_parted, nzn_winding_woodlands_hourglass,
          nzn_winding_woodlands_5x5_closed_star,
          nzn_winding_woodlands_center_garden,
          nzn_winding_woodlands_5x5_default,
          nzn_winding_woodlands_5x5_perimeter,
          nzn_winding_woodlands_5x15_zeroes, nzn_winding_woodlands_5x5_default],
          layout_basic_swamp, ebering_ghost_reflecting_pool,
          evilmike_swamp_ruin_house_3
Swamp:3:  nicolae_swamp_decorative_isthmus, layout_basic_swamp,
          evilmike_swamp_ruin_rubble_2, swamp_pool1
Swamp:4:  swamp_pestilence, layout_basic_swamp, swamp_pool5,
          nicolae_swamp_small_spring, uniq_louise, uniq_bai_suzhen
Spider:1: layout_spider_delve, special_room [special_room_bee],
          beargit_elvish_explorers
Spider:2: layout_spider_delve, hangedman_spider_tarantella_strand
Spider:3: layout_spider_delve
Spider:4: grunt_spider_rune_circles, uniq_arachne, uniq_aizul
Orc:1:    layout_caves, basic_altar
Orc:2:    grunt_orc_tribal_feast, layout_diamond_mine, basic_altar,
          serial_shops, nicolae_shop_crystal, shop_statue, nicolae_diamond_shop,
          shop_scrolls
Vaults:1: v_rooms_6, nicolae_vaults_ring_of_whatevers, gammafunk_sealed_library,
          vaults_room_stairs_pillars, vaults_dpeg_diagonal,
          ontoclasm_vaults_ligature, grunt_vaults_twisty,
          layout_vaults_maze_bifur
Vaults:2: vaults_mumra_minichess, ontoclasm_vaults_pinch, v_misc_1,
          nicolae_vaults_mini_display_case, v_misc_23, vaults_mumra_hexcomb,
          ontoclasm_vaults_decontamination, ontoclasm_vaults_loading_screen,
          grunt_vaults_hallway_long, minmay_crypt_entry_simple_plaza,
          nicolae_vaults_asterisk, layout_vaults_big_room, serial_shops,
          nicolae_shop_waterfront
Vaults:3: grunt_tower_of_power, vaults_mumra_lcd, hangedman_vaults_trim,
          v_misc_13, vaults_mumra_hex, v_misc_28, vaults_dpeg_encased_lava,
          nicolae_vaults_little_squares_3, layout_vaults_omnigrid, serial_shops,
          shop

Skill      XL: |  1  2  3  4  5  6  7  8  9 10 11 12 13 14 15 16 17 18 19 20 |
---------------+-------------------------------------------------------------+-----
Polearms       | 5 6 7 9 12 15 19 20 22 24 | 24.0
Armour         | 2 3 4 5 6 8 9 11 12 13 14 16 17 18 | 18.1
Fighting       | 4 5 6 10 11 12 13 14 15 17 | 17.9
Dodging        | 6 9 10 11 13 15 | 15.3
Evocations     | 6 8 9 |  9.0
Throwing       | 12 13 | 13.6

Action                   |  1- 3 |  4- 6 |  7- 9 | 10-12 | 13-15 | 16-18 | 19-21 || total
-------------------------+-------+-------+-------+-------+-------+-------+-------++-------
Melee: Spear             |   142 |   172 |   211 |       |       |       |       ||   525
       Trident           |       |       |   156 |   179 |    36 |       |       ||   371
       Glaive            |       |       |       |   572 |   323 |   161 |       ||  1056
       Halberd           |       |       |       |    28 |       |       |       ||    28
       Bardiche          |       |       |       |       |   720 |  1200 |  1052 ||  2972
       Tailslap          |       |       |       |       |     1 |    21 |     5 ||    27
Throw: Dart              |       |     2 |     4 |     6 |    10 |       |       ||    22
       Boomerang         |       |       |       |       |    19 |   112 |    14 ||   145
       Throwing net      |       |       |       |       |       |       |     1 ||     1
Invok: Berserk           |     2 |     4 |     8 |    14 |     9 |    19 |    10 ||    66
       Trog's Hand       |       |     1 |     2 |     4 |     8 |    10 |     6 ||    31
       Brothers in Arms  |       |       |       |       |     2 |     4 |     3 ||     9
Evoke: Wand              |       |       |       |       |       |     4 |       ||     4
       Condenser vane    |       |       |       |       |       |     1 |     2 ||     3
       Tin of tremorston |       |       |       |       |       |     1 |     1 ||     2
  Use: Scroll            |       |       |    11 |    11 |    12 |     8 |     6 ||    48
       Potion            |       |       |       |       |     2 |     8 |     1 ||    11
 Stab: Distracted        |       |       |       |       |     2 |     1 |     1 ||     4
       Invisible         |       |       |       |       |       |     7 |       ||     7
Armor: Ring mail         |    25 |     8 |       |       |       |       |       ||    33
       Scale mail        |       |    31 |       |       |       |       |       ||    31
       Plate armour      |       |     7 |     6 |    23 |   389 |   472 |       ||   897
       Chain mail        |       |       |    78 |   193 |       |   451 |   409 ||  1131
       Ice dragon scales |       |       |       |       |       |    50 |       ||    50
Dodge: Dodged            |    47 |    43 |    53 |   332 |   573 |   886 |   766 ||  2700

Table legend: (Time is in decaauts)
 A = Elapsed time spent in this place.
 B = Non-inter-level travel time spent in this place.
 C = Inter-level travel time spent in this place.
 D = Time resting spent in this place.
 E = Time spent auto-exploring this place.
 F = Levels seen in this place.
 G = Mean time per level.
                   A        B        C        D        E       F      G
               +--------+--------+--------+--------+--------+-----+--------+
         Total |  56782 |  53029 |   3753 |   6763 |  37808 |  37 | 1534.6 |
       Dungeon |  19487 |  18049 |   1438 |   1860 |  13658 |  15 | 1299.1 |
          Lair |   7941 |   7185 |    756 |    261 |   5696 |   6 | 1323.5 |
         Swamp |   8079 |   7875 |    204 |    821 |   5822 |   4 | 2019.8 |
   Spider Nest |   9709 |   9119 |    590 |   1171 |   6741 |   4 | 2427.2 |
  Orcish Mines |   2922 |   2588 |    334 |    612 |   1578 |   2 | 1461.0 |
        Vaults |   6474 |   6046 |    428 |   1000 |   3942 |   3 | 2158.0 |
         Abyss |    301 |    301 |      0 |     13 |      0 |   1 |  301.0 |
       Ossuary |    269 |    269 |      0 |     29 |     94 |   1 |  269.0 |
      Ice Cave |   1595 |   1595 |      0 |    994 |    276 |   1 | 1595.0 |
               +--------+--------+--------+--------+--------+-----+--------+

Top non-repeatable levels by time:
Spider:2: 4069 daAuts
 Swamp:2: 2995 daAuts
Vaults:1: 2682 daAuts
Spider:4: 2517 daAuts
   Orc:2: 2286 daAuts
Vaults:2: 2215 daAuts
    D:11: 1987 daAuts
Spider:1: 1942 daAuts
 Swamp:1: 1838 daAuts
 Swamp:3: 1805 daAuts
  Lair:6: 1636 daAuts
   IceCv: 1595 daAuts
Vaults:3: 1576 daAuts
    D:15: 1541 daAuts
     D:5: 1508 daAuts
